 Dungeon Crawl Stone Soup version 0.31-a0-1206-g41278d8d1d (webtiles) character file.

Game seed: 1986548297533796250

139 bmb222 the Ruffian (level 5, 0/33 HPs)
             Began as an Octopode Shapeshifter on Dec 13, 2023.
             Slain by an orc wizard
             ... wielding a +1 dagger of venom
              (6 damage)
             ... on level 3 of the Dungeon.
             The game lasted 00:01:10 (1721 turns).

bmb222 the Ruffian (Octopode Shapeshifter)          Turns: 1721, Time: 00:01:11

Health: 0/33       AC:  1    Str: 15    XL:     5   Next: 22%
Magic:  5/5        EV: 13    Int: 13    God:
Gold:   218        SH:  0    Dex: 11    Spells: 4/4 levels left

rFire   . .          .
                       - Unarmed
rCold   . . .        (no shield)
rNeg    . . .        (helmet currently unavailable)
rPois   +            (no amulet)
rElec   .            f - ring of flight
rCorr   .            q - ring of poison resistance
SInv    .            (no ring)
Will    .....        (no ring)
Stlth   +++          (no ring)
HPRegen 0.25/turn    (no ring)
MPRegen 0.09/turn    (no ring)
                     (no ring)

%: no passive effects
@: lethally poisoned (0 -> -1), beast-form, flying
A: beast (slay +2), almost no armour, amphibious, 8 rings, camouflage 1,
gelatinous body 1, (nimble swimmer 1), tentacles
a: Begin Untransformation


You were on level 3 of the Dungeon.
You were a hulking beast.
You visited 1 branch of the dungeon, and saw 3 of its levels.

You collected 218 gold pieces.

Inventory:

Jewellery
 f - a ring of flight (left tentacle)
 q - a ring of poison resistance (right tentacle)
Talismans
 b - a beast talisman
 c - a flux talisman
Wands
 r - a wand of charming (6)
Scrolls
 d - 3 scrolls of teleportation {unknown}
 e - 2 scrolls of fear {unknown}
 g - a scroll of enchant armour {unknown}
 h - 2 scrolls of poison {unknown}
 k - a scroll of blinking {unknown}
 n - a scroll of identify {unknown}
 o - a scroll of noise {unknown}
Potions
 a - a potion of lignification
 i - a potion of brilliance {unknown}
 j - a potion of haste {unknown}
 l - a potion of cancellation {unknown}
 m - a potion of attraction {unknown}
 p - 3 potions of enlightenment {unknown}


   Skills:
 + Level 1.1 Fighting
 + Level 2.4 Dodging
 + Level 1.3 Stealth
 + Level 4.4 Unarmed Combat
 + Level 3.9 Shapeshifting


You had 4 spell levels left.
You didn't know any spells.
Your spell library contained the following spells:

 Spells                   Type           Power      Damage    Failure   Level
 Inner Flame              Hex/Fire       0%         N/A       67%         3
 Yara's Violent Unravell  Hex/Tmut       0%         3d3       100%        5
 Enfeeble                 Hex            0%         N/A       100%        7


Dungeon Overview and Level Annotations

Branches:
Dungeon (3/15)

Altars:
Dithmenos
Okawaru

Shops:
D:2 !

Annotations:
D:3 2 runed translucent doors, grandjackal's ghost, amateur AtFi


Innate Abilities, Weirdness & Mutations

You are a hulking beast.
Your limbs bulge with bestial killing power. (Slay +2)
You cannot wear most types of armour.
You are amphibious.
You can wear up to eight rings at the same time.
Your skin changes colour to match your surroundings (Stealth+).
Your rubbery body absorbs attacks. (AC +1, EV +1)
((You are camouflaged when in or above water. (Stealth+)))
You have tentacles for arms and can constrict up to eight enemies at once.


Message History

No target in view!
Found an escape hatch in the floor.
No target in view!
An orc wizard comes into view. It is wielding a +1 dagger of venom.
An orc comes into view.
It is wielding a +1 falchion of freezing.
The orc wizard shouts!
The orc wizard gestures wildly while chanting.
The orc wizard flickers and vanishes!
Deactivating autopickup; reactivate with Ctrl-A.
An orc is nearby!
An orc comes into view. It is wielding a +0 dagger.
There are monsters nearby!
The orc shouts!
There are monsters nearby!
An orc comes into view. It is wielding a +0 club.
The orc shouts!
Something hits you.
There are monsters nearby!
You barely miss the orc. Your grab misses the orc. Something hits you.
You are poisoned.
The orc hits you with a +1 falchion of freezing.
The orc freezes you.
You tentacle-slap the orc but do no damage.
You grab the orc.
You constrict the orc, but do no damage.
You feel very sick. Something barely misses you. The orc misses you.
You bludgeon the orc!
You kill the orc!
You feel sick. Something hits you.
You are too injured to fight recklessly!
You feel sick.
You feel sick.
You feel sick.
You tentacle-slap something but do no damage.
You squeeze something.
You feel sick. Something hits you.
* * * LOW HITPOINT WARNING * * *
You tentacle-slap something but do no damage.
Your squeeze misses something.
You feel sick. Something hits you.
You die...

#...# #.##.#####....# #. ....#
#.##>#####.# #. #...# #.#...# #.#
#. ##### #....## ### #. #
###..####.#. #. # ##.##..[≈.#≈
### #. # #.#≈#≈..≈.# ..# #. ##
#.#..⌠.#.~# #.# #. .# #h##~.~....
#.# #. .### #.####++#####.# #.
...#######.....oo##..........###.
...........##.##.................
...########## #.###...#..##.####
.<.........# ..# #..##..##.#
.#########.# ### #..##..##.####
## #.# #<........#... #.#
#.###...>.....


You could see 2 orcs.

Vanquished Creatures
  An orc wizard (D:3)
  6 adders
  A worm (D:2)
  2 dart slugs (D:1)
  4 orcs (D:3)
  2 ball pythons (D:2)
  2 bats
  2 endoplasms (D:2)
  5 giant cockroaches
  2 hobgoblins (D:1)
  3 jackals (D:3)
  6 kobolds
  2 quokkas
  A frilled lizard (D:2)
  6 goblins
  4 rats
49 creatures vanquished.

Notes
Turn   | Place    | Note
-------+----------+-------------------------------------------
     0 | D:1      | bmb222 the Octopode Shapeshifter began the quest for the
                  | Orb.
     0 | D:1      | Reached XP level 1. HP: 13/13 MP: 1/1
   352 | D:1      | Reached XP level 2. HP: 17/18 MP: 2/2
   748 | D:2      | Reached XP level 3. HP: 21/23 MP: 3/3
   782 | D:2      | Found Voeh's Distillery.
   841 | D:2      | Found a shadowy altar of Dithmenos.
   986 | D:2      | Reached XP level 4. HP: 28/28 MP: 4/4
  1004 | D:2      | Reached skill level 4 in Unarmed Combat
  1243 | D:3      | Found an iron altar of Okawaru.
  1295 | D:3      | Found a large runed translucent door.
  1296 | D:3      | Found a large runed translucent door.
  1298 | D:3      | Noticed grandjackal's ghost (amateur AtFi)
  1384 | D:3      | Reached skill level 1 in Stealth
  1384 | D:3      | Reached XP level 5. HP: 16/33 MP: 5/5
  1721 | D:3      | Slain by an orc wizard

Illustrated notes

Levels and vault maps discovered:
D:1:      lightli_arrival_chessboard, layout_loops_ring, minmay_unequal
D:2:      layout_rooms, serial_shops, shop, basic_altar
D:3:      layout_loops_ring, lemuel_crystal_altar,
          nicolae_overflow_ecumenical_swirl, ebering_ghost_disaster_area

Skill      XL: |  1  2  3  4 |
---------------+-------------+-----
Unarmed Combat | 4 |  4.4
Stealth        | 1 |  1.3
Fighting       | |  1.1
Dodging        | |  2.4
Shapeshifting  | |  3.9

Action                     |  1- 3 |  4- 6 || total
---------------------------+-------+-------++-------
  Melee: Unarmed           |    49 |    46 ||    95
         Constrict         |    19 |    10 ||    29
         Tentacles         |    13 |     5 ||    18
         Punch             |     3 |     2 ||     5
   Stab: Sleeping          |     1 |     2 ||     3
 Armour: Skin              |    15 |    18 ||    33
  Dodge: Dodged            |    28 |    24 ||    52

Table legend: (Time is in decaauts)
 A = Elapsed time spent in this place.
 B = Non-inter-level travel time spent in this place.
 C = Inter-level travel time spent in this place.
 D = Time resting spent in this place.
 E = Time spent auto-exploring this place.
 F = Levels seen in this place.
 G = Mean time per level.
                   A        B        C        D        E       F      G
               +--------+--------+--------+--------+--------+-----+--------+
         Total |   1713 |   1674 |     39 |     96 |   1283 |   3 |  571.0 |
       Dungeon |   1713 |   1674 |     39 |     96 |   1283 |   3 |  571.0 |
               +--------+--------+--------+--------+--------+-----+--------+

Top non-repeatable levels by time:
     D:1: 685 daAuts
     D:3: 605 daAuts
     D:2: 423 daAuts
